 Dungeon Crawl Stone Soup version 0.29.1-1-gd02db6906a (webtiles) character file.

Game seed: 15963553184888298040

60 Anriel the Ducker (level 3, -1/27 HPs)
             Began as a Demonspawn Gladiator on Oct 13, 2022.
             Killed from afar by Robin (14 damage)
             ... with a bolt of dispelling energy
             ... on level 2 of the Dungeon.
             The game lasted 00:07:56 (905 turns).

Anriel the Ducker (Demonspawn Gladiator)             Turns: 905, Time: 00:07:56

Health: -1/27      AC:  6    Str: 16    XL:     3   Next: 82%
Magic:  3/3        EV: 13    Int:  9    God:
Gold:   37         SH:  0    Dex: 14    Spells: 2/2 levels left

rFire   . . .      SeeInvis .   a - +0 trident
rCold   . . .      Faith    .   (no shield)
rNeg    . . .      Spirit   .   b - +0 leather armour
rPois   .          Reflect  .   c - +0 helmet
rElec   .          Harm     .   (no cloak)
rCorr   .          Rampage  .   (no gloves)
Will    .....                   (no boots)
Stlth   +.........              (no amulet)
HPRegen 0.09/turn               (no ring)
MPRegen 0.08/turn               (no ring)

@: no status effects
A: yellow scales 1, foul stench 1
a: no special abilities


You were on level 2 of the Dungeon.
You visited 1 branch of the dungeon, and saw 2 of its levels.

You collected 37 gold pieces.

Inventory:

Hand Weapons
 a - a +0 trident (weapon)
Missiles
 d - 3 throwing nets (quivered)
 e - a javelin
Armour
 b - a +0 leather armour (worn)
 c - a +0 helmet (worn)
Scrolls
 h - 3 scrolls of vulnerability {unknown}
 j - a scroll of summoning {unknown}
Potions
 f - a potion of resistance {unknown}
 g - a potion of curing {unknown}
 i - a potion of mutation {unknown}


   Skills:
 + Level 2.1 Fighting
 + Level 3.2 Polearms
 + Level 1.8 Throwing
 + Level 0.4 Armour
 * Level 3.7 Dodging


You had 2 spell levels left.
You didn't know any spells.
Your spell library was empty.

Dungeon Overview and Level Annotations

Branches:
Dungeon (2/15)

Altars:

Annotations:
D:2 Robin


Innate Abilities, Weirdness & Mutations

You are partially covered in yellow scales. (AC +2)
You may rarely emit foul miasma when damaged in melee.


Message History

The jackal is heavily wounded.
The jackal misses you. The jackal closely misses you.
You closely miss the jackal.
The jackal is heavily wounded.
A jackal comes into view.
The jackal bites you but does no damage.
You closely miss the jackal.
The jackal is heavily wounded.
The jackal bites you but does no damage.
The jackal barely misses you.
The jackal barks!
You hit the jackal.
You kill the jackal!
You hear an angry hiss.
The endoplasm is no longer moving slowly.
Reach: a) +0 trident
Press: ? - help, Dir - move target, f - endoplasm
Aim: an endoplasm (moderately wounded, about 14% to evade your +0 trident)
You hit the endoplasm.
You kill the endoplasm!
The jackal closely misses you.
You closely miss the jackal. The jackal bites you.
* * * LOW HITPOINT WARNING * * *
You puncture the jackal!
You kill the jackal!
Things that are here:
a +0 short sword; a kobold corpse You start resting.
A frilled lizard comes into view.
There is a stone staircase leading up here.
You start resting.
Robin of the Strong Arm comes into view.
They are wielding a +0 club and carrying a wand of quicksilver (7).
Robin shouts!
You hear a shout! x2
There is a stone staircase leading up here.
Robin roars a battlecry!
A goblin comes into view. It is wielding a +0 dagger.
A goblin comes into view. It is wielding a +0 club.
Robin zaps a wand.
The bolt of dispelling energy hits you!
Ouch! That really hurt!
You die...

....#
#....#
...###
####.# ..
#.# # #.#
#.# #.##
#..# #
###.#.####
#.@.......#
#....g....#
#.........#
#.........#
#......g..#
#........g#
##########.


You could see Robin and 2 goblins.

Vanquished Creatures
  2 adders (D:2)
  A dart slug (D:1)
  4 endoplasms
  6 hobgoblins (D:1)
  2 jackals (D:2)
  6 kobolds
  2 quokkas (D:1)
  2 ball pythons (D:1)
  5 bats
  11 frilled lizards (D:1)
41 creatures vanquished.

Vanquished Creatures (others)
  A fungus (D:1)
  7 plants (D:1)
8 creatures vanquished.

Grand Total: 49 creatures vanquished

Notes
Turn   | Place    | Note
-------+----------+-------------------------------------------
     0 | D:1      | Anriel the Demonspawn Gladiator began the quest for the
                  | Orb.
     0 | D:1      | Reached XP level 1. HP: 16/16 MP: 1/1
    59 | D:1      | Gained mutation: You may rarely emit foul miasma when
                  | damaged in melee. [demonic ancestry]
    59 | D:1      | Reached XP level 2. HP: 12/22 MP: 2/2
   302 | D:1      | Found a faded altar of an unknown god.
   491 | D:1      | Gained mutation: You are partially covered in yellow
                  | scales. (AC +2) [demonic ancestry]
   491 | D:1      | Reached XP level 3. HP: 17/27 MP: 3/3
   899 | D:2      | Noticed Robin
   905 | D:2      | Killed from afar by Robin

Illustrated notes

Levels and vault maps discovered:
D:1:      minmay_arrival_stone_box, layout_basic,
          shapermc_ecumenical_altar_mp_ritualfount, minmay_lizard_king
D:2:      layout_rooms, serial_shops, nicolae_shop_stone, minmay_puff,
          uniq_robin, uniq_sigmund, uniq_crazy_yiuf_cottage

Skill      XL: |  1  2 |
---------------+-------+-----
Dodging        | 3 |  3.7
Polearms       | 3 |  3.2
Fighting       | |  2.1
Throwing       | |  1.8
Armour         | |  0.4

Action                   || total
-------------------------++-------
Melee: Trident           ||   119
Armor: Leather armour    ||    29
Dodge: Dodged            ||    59
